 Dungeon Crawl Stone Soup version 0.27-a0-773-gaaee5cf45b (webtiles) character file.

Game seed: 13025135375681859093

46 leviel the Shield-Bearer (level 3, -1/33 HPs)
             Began as a Hill Orc Fighter on Mar 25, 2021.
             Slain by Sigmund
             ... wielding a +0 scythe
              (3 damage)
             ... on level 2 of the Dungeon.
             The game lasted 00:01:53 (1154 turns).

leviel the Shield-Bearer (Hill Orc Fighter)         Turns: 1154, Time: 00:01:54

Health: -1/33      AC:  8    Str: 19    XL:     3   Next: 68%
Magic:  3/3        EV:  7    Int:  8    God:
Gold:   35         SH:  9    Dex: 10    Spells: 2/2 levels left

rFire    . . .     SeeInvis .   a - +0 long sword
rCold    . . .     Faith    .   c - +0 kite shield
rNeg     . . .     Spirit   .   b - +0 scale mail
rPois    .         Reflect  .   (no helmet)
rElec    .         Harm     .   g - +0 cloak
rCorr    .         Rampage  .   (no gloves)
Will     .....                  (no boots)
Stlth    ..........             (no amulet)
HPRegen  0.11/turn              (no ring)
MPRegen  0.08/turn              (no ring)

@: mighty
A: no striking features
a: no special abilities


You were on level 2 of the Dungeon.
You visited 1 branch of the dungeon, and saw 2 of its levels.

You collected 35 gold pieces.

Inventory:

Hand Weapons
 a - a +0 long sword (weapon)
Armour
 b - a +0 scale mail (worn)
 c - a +0 kite shield (worn)
 g - a +0 cloak (worn)
Scrolls
 f - a scroll of fear {unknown}
 h - a scroll of identify {unknown}
 i - 3 scrolls of teleportation {unknown}
 j - a scroll of immolation {unknown}
 k - a scroll of amnesia {unknown}
Potions
 e - a potion of flight {unknown}


   Skills:
 + Level 3.9 Fighting
 + Level 2.5 Long Blades
 + Level 3.8 Armour
 + Level 4.1 Shields


You had 2 spell levels left.
You didn't know any spells.
Your spell library contained the following spells:

 Spells                   Type           Power      Damage    Failure   Level
 Animate Skeleton         Necr           0%         N/A       99%         1
 Apportation              Tloc           0%         N/A       99%         1
 Corona                   Hex            0%         N/A       99%         1
 Summon Small Mammal      Summ           0%         N/A       99%         1


Dungeon Overview and Level Annotations

Branches:
Dungeon (2/15)

Altars:

Shops:
D:2 :

Annotations:
D:2 Sigmund


Message History

Sorry, you're not good enough to have a special ability.
You feel very mighty all of a sudden.
Sigmund points at himself and mumbles some strange words.
Sigmund flickers and vanishes!
Deactivating autopickup; reactivate with Ctrl-A.
You closely miss the bat. The bat hits you but does no damage.
A frilled lizard comes into view.
The frilled lizard hisses angrily.
The bat hits you but does no damage.
You hear some strange, mumbled words.
You are confused.
You bump into the rock wall.
Something hits you.
You closely miss something. Something hits you but does no damage.
Something hits you.
You bump into the rock wall.
Something hits you.
You bump into the rock wall.
Something hits you but does no damage.
You bump into the rock wall.
You feel less confused.
An endoplasm comes into view.
Something hits you.
You barely miss something.
You hear some strange, mumbled words.
Something tries to affect you, but you resist.
Something hits you.
Your shield and scale mail prevent you from hitting something.
You hear some strange, mumbled words.
A puff of flame appears from out of thin air!
The puff of flame misses you.
You barely miss something. You block something's attack.
Something hits you but does no damage.
You barely miss something.
You hear some strange, mumbled words.
Something tries to affect you, but you resist.
You miss something.
Something hits you but does no damage. x2
You hit something. Something hits you!
You miss something. Something hits you!
* * * LOW HITPOINT WARNING * * *
You slice something!! Something hits you but does no damage.
Something hits you.
You die...

#.# #.# #.# #.##
#.## #.## #####
#.##
.....J#########
#.##
.....b{@......##
#.##
......#######..#
#.## ..... ##.##
#.## .... #..#
#.## ... ##.##
#.## ## #..#
#.## ##.####.##
#.####....#.##
#.......#.#.#


You could see an endoplasm and a bat.

Vanquished Creatures
  2 adders (D:2)
  A bat (D:2)
  An endoplasm (D:1)
  4 goblins (D:1)
  2 hobgoblins
  6 jackals (D:1)
  A kobold (D:1)
  A quokka (D:2)
  4 ball pythons (D:1)
  A frilled lizard (D:1)
  A rat (D:1)
24 creatures vanquished.

Vanquished Creatures (others)
  4 plants (D:1)
4 creatures vanquished.

Grand Total: 28 creatures vanquished

Notes
Turn   | Place    | Note
-------+----------+-------------------------------------------
     0 | D:1      | leviel the Hill Orc Fighter began the quest for the Orb.
     0 | D:1      | Reached XP level 1. HP: 19/19 MP: 1/1
    28 | D:1      | Reached XP level 2. HP: 21/27 MP: 2/2
   901 | D:1      | Reached XP level 3. HP: 33/33 MP: 3/3
   996 | D:2      | Reached skill level 4 in Shields
  1096 | D:2      | Found Vafan's Book Shop.
  1136 | D:2      | Noticed Sigmund
  1153 | D:2      | HP: 1/33 [something (9)]
  1154 | D:2      | Slain by Sigmund

Illustrated notes

Levels and vault maps discovered:
D:1:      tarquinn_simple_flora_water_b, layout_rooms, minmay_tromino_v4_c
D:2:      layout_basic, serial_shops, shop, grunt_ministairs_15, moated_statue,
          uniq_sigmund, uniq_natasha

Skill      XL: |  1  2  3 |
---------------+----------+-----
Shields        | 4 |  4.1
Fighting       | |  3.9
Long Blades    | |  2.5
Armour         | |  3.8

Action                   || total
-------------------------++-------
Melee: Long sword        ||    98
  Use: Potion            ||     1
Armor: Scale mail        ||    67
Dodge: Dodged            ||    43
Block: Kite shield       ||    73
       Rpst.: Long sword ||    13

Table legend: (Time is in decaauts)
 A = Elapsed time spent in this place.
 B = Non-inter-level travel time spent in this place.
 C = Inter-level travel time spent in this place.
 D = Time resting spent in this place.
 E = Time spent auto-exploring this place.
 F = Levels seen in this place.
 G = Mean time per level.
                   A        B        C        D        E       F      G
               +--------+--------+--------+--------+--------+-----+--------+
         Total |   1203 |   1152 |     51 |    145 |    792 |   2 |  601.5 |
       Dungeon |   1203 |   1152 |     51 |    145 |    792 |   2 |  601.5 |
               +--------+--------+--------+--------+--------+-----+--------+

Top non-repeatable levels by time:
     D:1: 984 daAuts
     D:2: 218 daAuts
